 Dungeon Crawl Stone Soup version 0.20.0-4-g10b340a (webtiles) character file.

392 nikopol the Shield-Bearer (level 6, -2/38 HPs)
             Began as a Gargoyle Fighter on May 27, 2017.
             Was an Initiate of Okawaru.
             Killed by divine providence
             ... invoked by an orc priest
              (14 damage)
             ... on level 5 of the Dungeon.
             The game lasted 00:07:30 (3935 turns).

nikopol the Shield-Bearer (Gargoyle Fighter)        Turns: 3935, Time: 00:07:31

Health: -2/38      AC: 11    Str: 21    XL:     6   Next: 80%
Magic:  6/6        EV:  8    Int:  8    God:    Okawaru [......]
Gold:   143        SH:  9    Dex: 10    Spells: 5/5 levels left

rFire    . . .     SeeInvis .   a - +0 war axe
rCold    . . .     Gourm    .   c - +0 shield
rNeg     + . .     Faith    .   b - +0 scale mail
rPois    ∞         Spirit   .   (no helmet)
rElec    +         Reflect  .   (no cloak)
rCorr    .         Harm     .   (no gloves)
MR       .....                  (no boots)
Stlth    ..........             (no amulet)
Regen    0.2/turn               (no ring)
MPRegen  0.1/turn               (no ring)

@: no status effects
A: negative energy resistance 1, electricity resistance, unbreathing,
petrification resistance, rot immunity, AC +4
a: Renounce Religion


You were on level 5 of the Dungeon.
You worshipped Okawaru.
Okawaru was noncommittal.
You were very hungry.

You visited 2 branches of the dungeon, and saw 6 of its levels.

You collected 143 gold pieces.

Inventory:

Hand Weapons
 a - a +0 war axe (weapon)
Missiles
 j - 2 throwing nets (quivered)
Armour
 b - a +0 scale mail (worn)
 c - a +0 shield (worn)
Jewellery
 o - a cursed ring of loudness {unknown}
 F - a cursed amulet of inaccuracy {unknown}
Wands
 g - a wand of lightning (3/15)
 E - a wand of confusion (14/48)
Scrolls
 e - a scroll of fear {unknown}
 h - 3 scrolls of remove curse {unknown}
 k - 3 scrolls of teleportation {unknown}
 t - a scroll of fog {unknown}
 w - a scroll of enchant armour {unknown}
 y - a scroll of recharging {unknown}
 B - a scroll of amnesia {unknown}
 D - a scroll of identify {unknown}
Potions
 d - a potion of might
 i - a potion of lignification {unknown}
 l - a potion of resistance {unknown}
 m - 3 potions of heal wounds {unknown}
 n - 2 potions of magic {unknown}
 p - a potion of invisibility {unknown}
 s - a potion of curing {unknown}
 u - a potion of haste {unknown}
 v - a potion of degeneration {unknown}
 x - a potion of mutation {unknown}
 z - a potion of brilliance {unknown}
 A - a potion of flight {unknown}
 C - a potion of ambrosia {unknown}
Comestibles
 f - 5 bread rations
 q - 3 meat rations
 r - 2 fruits


   Skills:
 + Level 3.9 Fighting
 + Level 4.4 Axes
 + Level 4.1 Armour
 + Level 1.3 Dodging
 + Level 0.8 Stealth
 + Level 4.8 Shields


You had 5 spell levels left.
You didn't know any spells.

Dungeon Overview and Level Annotations

Branches:
Dungeon (5/15)             Temple (1/1) D:4

Altars:
Ashenzari
Cheibriados
Dithmenos
Elyvilon
Fedhas
Gozag
Hepliaklqana
Kikubaaqudgha
Makhleb
Nemelex Xobeh
Okawaru
Ru
Sif Muna
Trog
Uskayaw
Vehumet
Xom
Yredelemnul
Zin
The Shining One


Innate Abilities, Weirdness & Mutations

You are resistant to torment.
Your stone body is resilient. (AC +4)
You are immune to poison.
You resist negative energy. (rN+)
You are resistant to electric shocks. (rElec)
You can survive without breathing.
You are immune to petrification.
You are immune to rotting.


Message History

You are too injured to fight recklessly!
You are too injured to fight recklessly!
You are too injured to fight recklessly!
You are too injured to fight recklessly!
You are too injured to fight recklessly!
You are too injured to fight recklessly!
You are too injured to fight recklessly!
Your shield and scale mail prevent you from hitting the orc.
The orc is severely wounded.
The orc hits you but does no damage.
You hit the orc but do no damage.
The orc is severely wounded.
The orc hits you with a short sword. The orc barely misses you.
You hit the orc but do no damage.
The orc is severely wounded.
You block the orc's attack.
Okay, then.
The orc priest mumbles some strange prayers to Beogh against you.
Beogh smites you!
You die...

#.# ##. ##.# ...
...# #.##.##o# ####
#.##.##.# #.##.##o#
#>##.##o# #.##.##o#
# #.##.##.# ##
#.##.##@#
.#########.......#
.<................+
.###########...####
### ##.## ..# #.#
#.# #.# #.# #.# #.#
#.#


You could see an orc priest and 3 orcs.

Vanquished Creatures
  2 hounds
  An iguana (D:4)
  2 bullfrog skeletons
  A worker ant (D:4)
  2 orc wizards (D:4)
  A hound zombie (D:5)
  3 adders
  An ooze (D:3)
  4 worms
  6 dart slugs
  3 leopard geckos
  8 orcs (D:4)
  2 ball pythons (D:3)
  12 goblins
  7 hobgoblins
  9 jackals
  3 quokkas
  11 bats
  6 frilled lizards
  8 kobolds
  10 rats
102 creatures vanquished.

Notes
Turn   | Place    | Note
-------+----------+-------------------------------------------
     0 | D:1      | nikopol the Gargoyle Fighter began the quest for the Orb.
     0 | D:1      | Reached XP level 1. HP: 14/14 MP: 1/1
   239 | D:1      | Reached XP level 2. HP: 13/19 MP: 2/2
   486 | D:1      | Found a shattered altar of Ashenzari.
   912 | D:1      | Reached XP level 3. HP: 20/23 MP: 3/3
  1413 | D:2      | Reached XP level 4. HP: 27/28 MP: 4/4
  2126 | D:3      | Reached XP level 5. HP: 32/32 MP: 5/5
  2405 | D:4      | Found a staircase to the Ecumenical Temple.
  2410 | Temple   | Entered the Ecumenical Temple
  2577 | Temple   | Became a worshipper of Warmaster Okawaru
  3201 | D:4      | Reached skill level 1 in Dodging
  3209 | D:4      | Reached XP level 6. HP: 28/37 MP: 6/6
  3577 | D:4      | Found a sparkling altar of Nemelex Xobeh.
  3580 | D:4      | Found a snail-covered altar of Cheibriados.
  3635 | D:5      | Entered Level 5 of the Dungeon
  3935 | D:5      | Killed from afar by an orc priest

Skill      XL: |  1  2  3  4  5  6 |
---------------+-------------------+-----
Axes           | 2 3 4 |  4.4
Shields        | 4 |  4.8
Dodging        | 1 |  1.3
Armour         | 4 |  4.1
Fighting       | |  3.9
Stealth        | |  0.8

Action                   |  1- 3 |  4- 6 || total
-------------------------+-------+-------++-------
Melee: War axe           |   122 |   236 ||   358
  Eat: Chunk             |     2 |     7 ||     9
Armor: Scale mail        |    80 |   168 ||   248
Dodge: Dodged            |    42 |    79 ||   121
Block: Shield            |    78 |   145 ||   223
